 Dungeon Crawl Stone Soup version 0.29-a0-582-ge82337ba6a (console) character file.

Game seed: 390303579148696964

2127 om the Chiller (level 9, -4/68 HPs)
             Began as a Merfolk Ice Elementalist on June 14, 2022.
             Was a Priest of Zin.
             Slain by a cyan ugly thing (14 damage)
             ... on level 7 of the Dungeon.
             The game lasted 00:24:44 (8463 turns).

om the Chiller (Merfolk Ice Elementalist)           Turns: 8463, Time: 00:24:45

Health: -4/68      AC:  7    Str: 14    XL:     9   Next: 29%
Magic:  16/16      EV: 15    Int: 15    God:    Zin [***...]
Gold:   146        SH:  0    Dex: 16    Spells: 10/17 levels left

rFire   + + +      SeeInvis .   q - +9 hand axe {flame, *Corrode rPois rF+++ Str+4}
rCold   . . .      Faith    .   (no shield)
rNeg    . . .      Spirit   .   m - +0 troll leather armour {Pargi}
rPois   +          Reflect  .   c - +0 helmet
rElec   .          Harm     .   s - +0 cloak
rCorr   .          Rampage  .   (no gloves)
Will    .....                   e - +0 pair of boots
Stlth   +++.......              (no amulet)
HPRegen 1.01/turn               (no ring)
MPRegen 0.15/turn               (no ring)

@: about to teleport
A: (nimble swimmer 2), mertail
a: Renounce Religion, Recite, Vitalisation, Imprison, Donate Gold


You were on level 7 of the Dungeon.
You worshipped Zin.
Zin was most pleased with you.
You visited 1 branch of the dungeon, and saw 7 of its levels.
You also visited: Sewer and Ossuary.

You collected 265 gold pieces.
You spent 24 gold pieces at shops.
You donated 95 gold pieces to Zin.

Inventory:

Hand Weapons
 g - a +1 dagger
 o - a +0 hand crossbow
 q - the +9 hand axe of the Charming Hawk (weapon) {flame, *Corrode rPois rF+++ Str+4}
   (You found it on level 4 of the Dungeon)

   It burns those it strikes, dealing additional fire damage.
   Big, fiery blades are also staple armaments of hydra-hunters.
   Str:       It affects your strength (+4).
   rF:        It renders you almost immune to fire.
   rPois:     It protects you from poison.
   *Corrode:  It may corrode you when you take damage.
Armour
 c - a +0 helmet (worn)
 e - a +0 pair of boots (worn)
 m - a +0 troll leather armour (worn) {Pargi}
 p - a +1 robe of willpower
 s - a +0 cloak (worn)
Magical Staves
 n - a staff of conjuration
 r - a staff of earth
Wands
 v - a wand of digging (12)
 E - a wand of flame (9)
 F - a wand of iceblast (2)
Scrolls
 h - a scroll of fog
 i - 2 scrolls of enchant armour
 l - a scroll of enchant weapon
 t - 5 scrolls of immolation
 y - a scroll of fear
 z - a scroll of blinking {unknown}
 A - 5 scrolls of identify
 B - a scroll of teleportation
 C - 2 scrolls of vulnerability
 D - a scroll of amnesia {unknown}
 G - a scroll of magic mapping
 H - a scroll of poison {unknown}
Potions
 a - 2 potions of flight
 b - 2 potions of magic
 d - 3 potions of resistance
 f - a potion of brilliance {unknown}
 j - 2 potions of ambrosia
 k - 7 potions of curing
 u - a potion of haste
 w - 2 potions of might {unknown}
 x - a potion of heal wounds {unknown}


   Skills:
 - Level 5.0 Fighting
 + Level 6.6 Dodging
 + Level 5.9 Stealth
 + Level 4.7 Spellcasting
 + Level 6.7 Ice Magic
 * Level 6.1 Invocations


You had 10 spell levels left.
You knew the following spells:

 Your Spells              Type           Power      Damage    Failure   Level
a - Freeze                Ice            92%        1d10      1%          1
b - Frozen Ramparts       Ice            46%        1d6       4%          3
c - Ozocubu's Armour      Ice            23%        N/A       4%          3

Your spell library contained the following spells:

 Spells                   Type           Power      Damage    Failure   Level
 Apportation              Tloc           6%         N/A       22%         1
 Necrotize                Necr           12%        1d4       22%         1
 Summon Small Mammal      Summ           12%        N/A       22%         1
 Hailstorm                Conj/Ice       13%        3d5       47%         4
 Portal Projectile        Hex/Tloc       6%         N/A       54%         3
 Tukima's Dance           Hex            3%         N/A       54%         3
 Blade Hands              Tmut           1%         N/A       99%         5
 Yara's Violent Unravell  Hex/Tmut       1%         3d3       99%         5
 Dragon Form              Tmut           1%         N/A       100%        7


Dungeon Overview and Level Annotations

Branches:
Dungeon (7/15)              Sewer (visited)         Ossuary (visited)
 Temple: D:4-7

Altars:
Gozag
Xom
Zin

Shops:
D:1 =?=(

Annotations:
D:4 2 runed translucent doors, bronco's ghost, amateur HOBe


Innate Abilities, Weirdness & Mutations

((You are very nimble when in or above water. (Stealth+, EV+, Speed+++)))
Your lower body shifts to a powerful aquatic tail in water.


Message History

Aim: a cyan ugly thing (68% to hit)
The puff of flame hits the cyan ugly thing.
The cyan ugly thing is lightly wounded.
Aiming: Throw Flame
Press: ? - help, Shift-Dir - straight line, f/p - cyan ugly thing
Aim: a cyan ugly thing (lightly wounded, 68% to hit)
The puff of flame hits the cyan ugly thing.
The cyan ugly thing is lightly wounded.
Aiming: Throw Flame
Press: ? - help, Shift-Dir - straight line, f/p - cyan ugly thing
Aim: a cyan ugly thing (lightly wounded, 68% to hit)
The puff of flame hits the cyan ugly thing.
The cyan ugly thing is lightly wounded.
Okay, then.
You hit the cyan ugly thing. You burn the cyan ugly thing.
The cyan ugly thing is lightly wounded.
The cyan ugly thing gores you but does no damage.
The cyan ugly thing gores you! The cyan ugly thing shocks you!
You slash the cyan ugly thing! You burn the cyan ugly thing.
The cyan ugly thing is moderately wounded.
The cyan ugly thing gores you! The cyan ugly thing shocks you!
* * * LOW HITPOINT WARNING * * *
Aiming: Imprison (8% risk of failure)
Press: ? - help, Dir - move target, f/p - cyan ugly thing
Aim: a cyan ugly thing (moderately wounded)
You need more space to imprison the cyan ugly thing.
Okay, then.
Aiming: Imprison (8% risk of failure)
Press: ? - help, Dir - move target, f/p - cyan ugly thing
Aim: a cyan ugly thing (moderately wounded)
You need more space to imprison the cyan ugly thing.
Okay, then.
As you read the scroll of teleportation, it crumbles to dust.
You feel strangely unstable.
The cyan ugly thing gores you but does no damage.
The cyan ugly thing attacks as you move away!
The cyan ugly thing gores you!
* * * LOW HITPOINT WARNING * * *
The cyan ugly thing shocks you!
You die...

.........# #..........# #.#
####.)...### #....##....# #..
##.####..## #...###....# ##. #..#
##..###..## #....# #. ###.##
##..#..## ##....## #. ....#
#....#####......## ##. ..#.##
#...####....###..## #.. .##..##
##..........####...###.. ......#
##..........####........#
......###.......u...##.........##
.......#...##...@..............#
..........##...............##..#
#.............##.#...<...####..##
#....#........##.###....## #....
...###..##.....### #.....####....
....#..###.#..## #..........###
......#..#....######..........#
......#.##.#...#..............##
##.......#......##....##..###..##
##......#..##...##.......###.#...
...>.#..#..#..............###....


You could see a cyan ugly thing.

Vanquished Creatures
  A wraith (Ossuary)
  Eustachio (D:5)
  2 water moccasins (D:7)
  An ice beast (D:7)
  A sky beast (D:7)
  Pargi (Sewer)
  A black bear (D:6)
  A centaur (D:7)
  A phantom (D:6)
  A bullfrog (D:6)
  Blork the orc (D:4)
  A scorpion (D:5)
  5 wights
  A howler monkey (D:5)
  3 hounds
  A human zombie (Ossuary)
  Crazy Yiuf (D:6)
  3 jellies
  3 iguanas
  Terence (D:3)
  4 mummies
  9 adders
  A river rat (D:3)
  3 white imps
  2 worms
  3 dart slugs
  13 orcs
  6 ball pythons
  11 endoplasms
  4 giant cockroaches
  8 goblins
  8 hobgoblins
  4 jackals (D:4)
  3 quokkas
  2 bats (D:1)
  3 frilled lizards
  A goblin zombie (Ossuary)
  4 hobgoblin zombies (Ossuary)
  6 kobolds
  A kobold zombie (Ossuary)
  8 rats
135 creatures vanquished.

Notes
Turn   | Place    | Note
-------+----------+-------------------------------------------
     0 | D:1      | om the Merfolk Ice Elementalist began the quest for the
                  | Orb.
     0 | D:1      | Reached XP level 1. HP: 13/13 MP: 3/3
     9 | D:1      | Found Wamman's Weapon Boutique.
    10 | D:1      | Found Veca's Jewellery Shoppe.
    11 | D:1      | Found Nyhoqih's Magic Scroll Shop.
   844 | D:1      | Reached XP level 2. HP: 18/19 MP: 1/5
  1830 | D:1      | Found Cuatz's Jewellery Shoppe.
  2110 | D:2      | Got the Guide on Changing
  2116 | D:2      | Reached XP level 3. HP: 24/24 MP: 3/6
  2368 | D:2      | Found a shimmering altar of Xom.
  2523 | D:1      | Bought a scroll of identify for 24 gold pieces
  2602 | D:2      | Learned a level 3 spell: Frozen Ramparts
  2985 | D:3      | Found a faded altar of an unknown god.
  2997 | D:3      | Prayed at the altar of an unknown god.
  2997 | D:3      | Became a worshipper of Zin the Law-Giver
  2997 | D:3      | Reached * piety under Zin
  3067 | D:3      | Reached ** piety under Zin
  3171 | D:3      | Found an opulent altar of Gozag.
  3178 | D:3      | Reached XP level 4. HP: 30/30 MP: 1/7
  3386 | D:3      | Noticed Terence
  3390 | D:3      | Killed Terence
  3391 | D:3      | Reached skill level 5 in Ice Magic
  3441 | D:3      | Found a glowing drain.
  3445 | Sewer    | Entered a sewer
  3497 | Sewer    | Noticed Pargi
  3545 | Sewer    | Learned a level 3 spell: Ozocubu's Armour
  3912 | Sewer    | Killed Pargi
  3913 | Sewer    | Reached skill level 1 in Invocations
  3913 | Sewer    | Reached XP level 5. HP: 24/35 MP: 0/9
  4345 | D:4      | Noticed Blork the orc
  4359 | D:4      | Killed Blork the orc
  4360 | D:4      | Reached XP level 6. HP: 41/41 MP: 0/10
  4498 | D:4      | Identified the +9 hand axe of the Charming Hawk {flame,
                  | *Corrode rPois rF+++ Str+4}
  5048 | D:4      | Found a runed translucent door.
  5049 | D:4      | Noticed bronco's ghost (amateur HOBe)
  5088 | D:4      | Found a runed translucent door.
  5344 | D:5      | Entered Level 5 of the Dungeon
  5482 | D:5      | Reached skill level 1 in Fighting
  5482 | D:5      | Reached XP level 7. HP: 32/48 MP: 7/12
  5619 | D:5      | Noticed Eustachio
  5629 | D:5      | Killed Eustachio
  5630 | D:5      | Reached skill level 5 in Dodging
  5653 | D:5      | Found a sand-covered staircase.
  5662 | Ossuary  | Entered an ossuary
  5662 | Ossuary  | Noticed a wraith
  5662 | Ossuary  | Noticed a wraith
  5662 | Ossuary  | Noticed a wraith
  6044 | Ossuary  | Noticed a wraith
  6054 | Ossuary  | Killed a wraith
  6055 | Ossuary  | Reached XP level 8. HP: 30/57 MP: 13/13
  6416 | Ossuary  | Donated 71 gold pieces to Zin
  6568 | D:5      | Reached *** piety under Zin
  6907 | D:6      | Reached skill level 5 in Stealth
  7164 | D:6      | Reached skill level 5 in Invocations
  7320 | D:6      | Found a runed translucent door.
  7321 | D:6      | Noticed Crazy Yiuf
  7752 | D:6      | Killed Crazy Yiuf
  7807 | D:6      | Reached XP level 9. HP: 66/66 MP: 15/15
  8018 | D:7      | Reached skill level 5 in Fighting
  8178 | D:7      | Noticed a cyan ugly thing
  8463 | D:7      | Slain by a cyan ugly thing

Illustrated notes

Levels and vault maps discovered:
D:1:      arrival_zaba_pyramid, layout_basic, serial_shops, shop, shop,
          nicolae_shop_crystal, shop, corexii_corridor_pit
D:2:      layout_basic, basic_altar
D:3:      layout_rooms, mainiacjoe_overflow_paths, gup_sewer_entry_spiral,
          dreamdust_ecumenical_altar_angels_and_demons, uniq_terence
D:4:      layout_rooms, ebering_ghost_sewer_f, uniq_blork_the_orc
D:5:      layout_basic, gup_ossuary_entry_pyramid, uniq_eustachio
D:6:      lemuel_ice_spiral_2, layout_basic, uniq_crazy_yiuf_cottage
D:7:      layout_layer_cave, lemuel_temple_firewalk_b, nrook_mini_backslash,
          nicolae_water_bricks

Skill      XL: |  1  2  3  4  5  6  7  8  9 |
---------------+----------------------------+-----
Dodging        | 3 4 5 6 |  6.6
Stealth        | 3 4 5 |  5.9
Ice Magic      | 5 6 |  6.7
Spellcasting   | 3 4 |  4.7
Invocations    | 1 2 4 5 6 |  6.1
Fighting       | 1 2 4 5 |  5.0

Action                   |  1- 3 |  4- 6 |  7- 9 || total
-------------------------+-------+-------+-------++-------
Melee: Unarmed           |     2 |       |       ||     2
       Dagger            |    40 |    70 |       ||   110
       Tailslap          |       |     1 |       ||     1
       Hand axe          |       |     5 |   151 ||   156
       Punch             |       |     2 |     2 ||     4
 Fire: Hand crossbow     |       |    26 |       ||    26
 Cast: Freeze            |    45 |    25 |       ||    70
       Frozen Ramparts   |       |     8 |     6 ||    14
       Ozocubu's Armour  |       |     3 |     5 ||     8
Invok: Recite            |       |       |    12 ||    12
       Donate Gold       |       |       |     1 ||     1
Evoke: Wand              |       |       |     4 ||     4
  Use: Scroll            |    10 |     6 |     2 ||    18
       Potion            |       |       |     1 ||     1
 Stab: Sleeping          |     5 |     6 |     3 ||    14
Armor: Robe              |    16 |    21 |       ||    37
       Troll leather arm |       |    20 |    63 ||    83
Dodge: Dodged            |    37 |    91 |   129 ||   257

Table legend: (Time is in decaauts)
 A = Elapsed time spent in this place.
 B = Non-inter-level travel time spent in this place.
 C = Inter-level travel time spent in this place.
 D = Time resting spent in this place.
 E = Time spent auto-exploring this place.
 F = Levels seen in this place.
 G = Mean time per level.
                   A        B        C        D        E       F      G
               +--------+--------+--------+--------+--------+-----+--------+
         Total |   8504 |   7991 |    513 |   2125 |   4134 |   9 |  944.9 |
       Dungeon |   7045 |   6532 |    513 |   1511 |   3802 |   7 | 1006.4 |
         Sewer |    662 |    662 |      0 |    401 |     84 |   1 |  662.0 |
       Ossuary |    796 |    796 |      0 |    213 |    247 |   1 |  796.0 |
               +--------+--------+--------+--------+--------+-----+--------+

Top non-repeatable levels by time:
     D:1: 2133 daAuts
     D:2: 949 daAuts
     D:6: 902 daAuts
     D:4: 886 daAuts
     D:5: 840 daAuts
 Ossuary: 796 daAuts
     D:3: 678 daAuts
   Sewer: 662 daAuts
     D:7: 655 daAuts
